 Dungeon Crawl Stone Soup version 0.29-a0-367-gc2b5878c41 (webtiles) character file.

Game seed: 236505282629146131

53 Ge0ff the Cutter (level 4, 0/35 HPs)
             Began as a Djinni Monk on May 1, 2022.
             Was a Priest of Cheibriados.
             Slain by an adder (3 damage)
             ... on level 3 of the Dungeon.
             The game lasted 00:02:28 (1947 turns).

Ge0ff the Cutter (Djinni Monk)                      Turns: 1947, Time: 00:02:29

Health: 0/35       AC:  5    Str: 18    XL:     4   Next: 11%
Gold:   85         EV: 12    Int: 18    God:    Cheibriados [***...] SH:  0 Dex: 21

rFire   + + .      SeeInvis .   a - +0 short sword
rCold   x . .      Faith    .   (no shield)
rNeg    . . .      Spirit   .   p - +0 ring mail
rPois   ∞          Reflect  .   (no helmet)
rElec   .          Harm     .   (no cloak)
rCorr   .          Rampage  .   (no gloves)
Will    .....                   (boots unavailable)
Stlth   ++........              (no amulet)
HPRegen 0.11/turn               (no ring)
MPRegen 0.00/turn               (no ring)

@: flying, very slow
A: sickness immunity, fire resistance 2, cold vulnerability 1, float, innate
caster, HP casting, extra vitality 1
a: Renounce Religion, Bend Time, Temporal Distortion


You were on level 3 of the Dungeon.
You worshipped Cheibriados.
Cheibriados was most pleased with you.
You visited 1 branch of the dungeon, and saw 3 of its levels.

You collected 85 gold pieces.

Inventory:

Hand Weapons
 a - a +0 short sword (weapon)
 q - a +0 dagger of protection
Missiles
 r - 4 poisoned darts (quivered)
 u - 18 stones
Armour
 b - a +0 robe
 p - a +0 ring mail (worn)
Scrolls
 i - a scroll of identify
 t - a scroll of torment
 v - a scroll of noise {unknown}
 w - a scroll of teleportation {unknown}
Potions
 o - 2 potions of ambrosia


   Skills:
 - Level 3.0 Fighting
 + Level 4.2 Short Blades
 - Level 3.2 Dodging
 - Level 1.5 Stealth


You had 2 spell levels left.
You knew the following spells:

 Your Spells              Type           Power      Damage    Failure   Level
s - Foxfire               Conj/Fire      0%         2x1d4     36%         1
Your spell library was empty.

Dungeon Overview and Level Annotations

Branches:
Dungeon (3/15)

Altars:
Cheibriados


Innate Abilities, Weirdness & Mutations

You are immune to sickness and miasma.
You are immune to poison.
Your flesh is very heat resistant. (rF++)
You are vulnerable to cold. (rC-)
You float through the air rather than walking.
You learn spells naturally, not from books.
Your magical power is your life essence.
You have superior vitality. (+4 MHP)


Message History

There is a stone staircase leading down here.
You fly downwards.
You hear the sound of rushing water.
There is an entrance to a sewer on this level.
Hurry and find it before the portal rusts away!
There is a stone staircase leading up here.
Found 7 gold pieces.
A goblin comes into view. It is wielding a +0 club.
Found a scroll labelled PEKASCH COIDO and a mace.
The goblin shouts!
You hear an angry hiss.
The goblin hits you with a +0 club. The goblin closely misses you.
The goblin hits you with a +0 club. The goblin barely misses you.
The goblin hits you with a +0 club. The goblin attacks as you move away!
The goblin hits you with a +0 club.
An adder comes into view.
Found 11 gold pieces.
The goblin hits you with a +0 club.
You see here 7 gold pieces.
You reach down and open the door.
The goblin misses you.
Found a stone staircase leading down.
The goblin barely misses you. The goblin attacks as you move away!
The goblin hits you with a +0 club.
The adder hisses angrily.
The adder misses you. The goblin hits you but does no damage.
You are too injured to fight recklessly!
You are too injured to fight recklessly!
You are too injured to fight recklessly!
You are too injured to fight recklessly!
You hit the goblin but do no damage. The adder bites you but does no damage.
The goblin barely misses you. The adder misses you. The goblin misses you.
The adder bites you. The goblin closely misses you.
The adder barely misses you. The adder closely misses you.
The goblin hits you with a +0 club. The adder misses you.
The goblin barely misses you. The adder bites you.
The goblin hits you but does no damage. The adder bites you but does no damage.
The adder misses you. The goblin hits you with a +0 club.
* * * LOW HITPOINT WARNING * * *
The adder closely misses you. The goblin hits you but does no damage.
The adder barely misses you. The goblin barely misses you.
The adder bites you but does no damage. The adder bites you.
* * * LOW HITPOINT WARNING * * *
The goblin barely misses you. The adder misses you.
The goblin completely misses you. The adder closely misses you.
The goblin hits you with a +0 club.
* * * LOW HITPOINT WARNING * * *
The adder bites you.
* * * LOW HITPOINT WARNING * * *
The goblin misses you. The adder barely misses you. The adder bites you.
You die...

.$ ..# #####.#
### #....#
#>.##...# #
#...#...# ..
#.'#...#+
...####$g@S.###
#.?............#
#.......♣.......
##..............
#.###.....###..
..##..#...#+ .
####...#...#
#<.##...# ####
..)#


You could see an adder and a goblin.

Vanquished Creatures
  A gnoll (D:1)
  3 endoplasms
  A giant cockroach (D:1)
  3 goblins
  5 hobgoblins (D:1)
  9 jackals (D:1)
  6 kobolds (D:1)
  A quokka (D:2)
  3 ball pythons
  A bat (D:1)
  A frilled lizard (D:1)
  2 rats
36 creatures vanquished.

Vanquished Creatures (others)
  5 plants (D:1)
  4 withered plants (D:1)
9 creatures vanquished.

Grand Total: 45 creatures vanquished

Notes
Turn   | Place    | Note
-------+----------+-------------------------------------------
     0 | D:1      | Ge0ff the Djinni Monk began the quest for the Orb.
     0 | D:1      | Reached XP level 1. HP: 20/20 MP: 0/0
   474 | D:1      | Reached skill level 3 in Short Blades
   474 | D:1      | Reached XP level 2. HP: 13/25 MP: 0/0
   709 | D:1      | Reached XP level 3. HP: 27/30 MP: 0/0
   709 | D:1      | Learned a level 1 spell: Foxfire
  1210 | D:1      | Reached skill level 4 in Short Blades
  1621 | D:1      | Found a faded altar of an unknown god.
  1648 | D:1      | Prayed at the altar of an unknown god.
  1648 | D:1      | Became a worshipper of Cheibriados the Contemplative
  1648 | D:1      | Reached * piety under Cheibriados
  1648 | D:1      | Reached ** piety under Cheibriados
  1793 | D:2      | Reached XP level 4. HP: 35/35 MP: 0/0
  1915 | D:2      | Reached *** piety under Cheibriados
  1947 | D:3      | Slain by an adder

Illustrated notes

Levels and vault maps discovered:
D:1:      ncdulo_lavacross, layout_basic, shapermc_ecumenical_altar_flowoftime,
          hex_tiny, chequers_arboretum, interstate_on_off, minmay_tromino_i4
D:2:      layout_basic, serial_shops, nicolae_lakefront_shop, shop_statue
D:3:      layout_rooms, cheibrodos_sewer_entry_drain, chequers_jeans,
          grunt_ministairs_6, item_on_display_a

Skill      XL: |  1  2  3 |
---------------+----------+-----
Short Blades   | 3 4 |  4.2
Fighting       | |  3.0
Dodging        | |  3.2
Stealth        | |  1.5

Action                   |  1- 3 |  4- 6 || total
-------------------------+-------+-------++-------
Melee: Short sword       |   164 |    11 ||   175
       Punch             |     1 |       ||     1
  Use: Scroll            |     4 |       ||     4
Armor: Ring mail         |    32 |     8 ||    40
Dodge: Dodged            |    79 |    28 ||   107

Table legend: (Time is in decaauts)
 A = Elapsed time spent in this place.
 B = Non-inter-level travel time spent in this place.
 C = Inter-level travel time spent in this place.
 D = Time resting spent in this place.
 E = Time spent auto-exploring this place.
 F = Levels seen in this place.
 G = Mean time per level.
                   A        B        C        D        E       F      G
               +--------+--------+--------+--------+--------+-----+--------+
         Total |   2018 |   1940 |     78 |    394 |   1154 |   3 |  672.7 |
       Dungeon |   2018 |   1940 |     78 |    394 |   1154 |   3 |  672.7 |
               +--------+--------+--------+--------+--------+-----+--------+

Top non-repeatable levels by time:
     D:1: 1805 daAuts
     D:2: 184 daAuts
     D:3: 29 daAuts
